 Dungeon Crawl Stone Soup version 0.22-a0-40-g3d2f077 (webtiles) character file.

93030 tidbits the Thaumaturge (level 16, -5/159 HPs)
             Began as a Gnoll Necromancer on Jan 4, 2018.
             Was a High Priest of Cheibriados.
             Slain by a small abomination (13 damage)
             ... created by a deep elf death mage
             ... on level 3 of the Elven Halls.
             The game lasted 01:11:33 (5979 turns).

tidbits the Thaumaturge (Gnoll Necromancer)         Turns: 5979, Time: 01:11:33

Health: -5/159     AC: 34    Str: 22    XL:     16   Next: 7%
Magic:  16/31      EV: 23    Int: 38    God:    Cheibriados [*****.]
Gold:   1257       SH: 14    Dex: 28    Spells: 4/37 levels left

rFire    . . .     SeeInvis .   a - +8 autumn katana {slice, Clar}
rCold    . . .     Gourm    .   D - +0 shield
rNeg     + . .     Faith    +   (armour currently unavailable)
rPois    ∞         Spirit   .   E - +0 helmet of Wisdom {Int+4}
rElec    +         Reflect  .   (no cloak)
rCorr    .         Harm     .   (gloves currently unavailable)
MR       +....     Clarity  +   (boots currently unavailable)
Stlth    ++++++....             e - amulet of faith
HPRegen  0.36/turn              o - ring of wizardry
MPRegen  0.22/turn              U - +4 ring of protection

@: statue-form, very slow
A: distributed training, fangs 1, talons 1, sense surroundings 1, strong nose
a: End Transformation, Bend Time, Temporal Distortion, Slouch, Step From Time,
Renounce Religion


You were on level 3 of the Elven Halls.
You worshipped Cheibriados.
Cheibriados was extremely pleased with you.
You were not hungry.
You were a stone statue.
You visited 4 branches of the dungeon, and saw 21 of its levels.
You visited the Abyss 1 time.
You also visited: Bailey and Ice Cave.

You collected 2167 gold pieces.
You spent 910 gold pieces at shops.

Inventory:

Hand Weapons
 a - the +8 autumn katana (weapon) {slice, Clar}
   (You found it on level 8 of the Dungeon)

   It inflicts extra damage upon your enemies.
   It protects you against confusion.
 d - a +1 dagger of venom
   (You found it on level 2 of the Dungeon)
 w - a +0 longbow
 C - a +3 flail of holy wrath
   (You took it off an orc on level 2 of the Orcish Mines)
 S - a +0 broad axe
Missiles
 j - 97 arrows
Armour
 B - the +1 steam dragon scales of the Trees (melded) {rN+ MR+ rCorr}
   (You found it in a bailey)

   It protects you from negative energy.
   It affects your resistance to hostile enchantments.
   It protects you from acid and corrosion.
 D - a +0 shield (worn)
 E - the +0 helmet of Wisdom (worn) {Int+4}
   (You found it on level 6 of the Dungeon)

   It affects your intelligence (+4).
 F - a +0 pair of boots (melded)
 M - a +0 large shield of poison resistance
   (You found it in a bailey)
 Q - the +3 ring mail "Zoz Ily" {*Slow +Blink Regen+ SInv}
   (You took it off an orc on level 8 of the Dungeon)

   It lets you see invisible.
   It lets you blink.
   It increases your rate of regeneration.
   It may slow you when you take damage.
 V - a +0 troll leather armour
Jewellery
 e - an amulet of faith (around neck)
   (You found it on level 1 of the Dungeon)
 i - an uncursed ring of protection from fire
   (You found it on level 11 of the Dungeon)
 k - an uncursed ring of ice
   (You found it in an ice cave)
 m - the brooch of Shielding {Reflect SH+8}
   (You found it in an ice cave)

   [amulet of reflection]

   It shields you and reflects attacks.
   It affects your SH (+8).
 o - a ring of wizardry (left hand)
   (You found it in an ice cave)
 x - a +4 amulet of reflection {unknown}
   (You found it on level 2 of the Abyss)
 O - a +3 ring of intelligence
   (You found it on level 8 of the Dungeon)
 U - a +4 ring of protection (right hand)
   (You found it on level 9 of the Dungeon)
Wands
 n - a wand of acid (6)
 y - a wand of paralysis (9)
 z - a wand of polymorph (12)
 A - a wand of flame (14)
 K - a wand of digging (2)
Scrolls
 b - a scroll of summoning {unknown}
 f - 2 scrolls of fear
 r - 5 scrolls of remove curse
 t - 4 scrolls of teleportation
 G - 2 scrolls of enchant armour {unknown}
 I - a scroll of fog
 N - 3 scrolls of amnesia
 P - a scroll of noise {unknown}
 W - 2 scrolls of blinking
 Y - a scroll of enchant weapon {unknown}
Potions
 g - 6 potions of curing
 h - a potion of ambrosia
 l - 3 potions of magic
 p - a potion of lignification
 s - 2 potions of resistance
 J - a potion of agility
 Z - a potion of flight
Books
 v - a book of Maledictions
   (You found it on level 4 of the Dungeon)

   Spells                             Type                      Level
   a - Corona                         Hexes                        1
   b - Ensorcelled Hibernation        Hexes/Ice                    2
   c - Confuse                        Hexes                        3
   d - Tukima's Dance                 Hexes                        3
   e - Dazzling Spray                 Conjuration/Hexes            3
 R - a book of the Earth
   (You bought it in a shop on level 2 of the Orcish Mines)

   Spells                             Type                      Level
   a - Leda's Liquefaction            Hexes/Earth                  4
   b - Bolt of Magma                  Conjuration/Fire/Earth       5
   c - Statue Form                    Transmutation/Earth          6
   d - Iron Shot                      Conjuration/Earth            6
   e - Shatter                        Earth                        9
 X - a book of Battle
   (You found it on level 2 of the Elven Halls)

   Spells                             Type                      Level
   a - Infusion                       Charms                       1
   b - Shroud of Golubria             Charms/Translocation         2
   c - Song of Slaying                Charms                       2
   d - Spectral Weapon                Hexes/Charms                 3
   e - Regeneration                   Charms/Necromancy            3
Miscellaneous
 q - a crystal ball of energy
 L - a box of beasts
 T - a phial of floods
Comestibles
 c - 12 rations


   Skills:
 + Level 10.3 Fighting
 + Level 10.3 Short Blades
 + Level 10.3 Long Blades
 + Level 10.3 Axes
 + Level 10.3 Maces & Flails
 + Level 10.3 Polearms
 + Level 10.3 Staves
 + Level 10.3 Slings
 + Level 10.3 Bows
 + Level 10.3 Crossbows
 + Level 10.3 Throwing
 + Level 10.3 Armour
 + Level 11.2 Dodging
 + Level 11.1 Stealth
 + Level 10.3 Shields
 + Level 10.3 Unarmed Combat
 + Level 11.4 Spellcasting
 + Level 8.7 Conjurations
 + Level 8.7 Hexes
 + Level 8.7 Charms
 + Level 8.7 Summonings
 + Level 11.1 Necromancy
 + Level 8.7 Translocations
 + Level 8.7 Transmutations
 + Level 8.7 Fire Magic
 + Level 8.7 Ice Magic
 + Level 8.7 Air Magic
 + Level 8.7 Earth Magic
 + Level 8.7 Poison Magic
 + Level 11.2 Invocations
 + Level 10.3 Evocations


You had 4 spell levels left.
You knew the following spells:

 Your Spells              Type           Power        Failure   Level  Hunger
a - Pain                  Necr           ####         1%          1    None
c - Confuse               Hex            ######..     1%          3    None
d - Vampiric Draining     Necr           #######...   1%          3    None
n - Animate Skeleton      Necr           N/A          1%          1    None
o - Corona                Hex            ######.      1%          1    None
r - Regeneration          Chrm/Necr      #######...   1%          3    None
s - Statue Form           Tmut/Erth      ######...    5%          6    ###....
v - Borgnjor's Vile Clut  Necr/Erth      #######...   1%          5    None
w - Spectral Weapon       Hex/Chrm       ######..     1%          3    None
y - Song of Slaying       Chrm           ######..     1%          2    None
A - Apportation           Tloc           ######       1%          1    None
N - Animate Dead          Necr           N/A          1%          4    None


Dungeon Overview and Level Annotations

Branches:
Dungeon (15/15)            Temple (1/1) D:6             Orc (2/2) D:11
    Elf (3/3) Orc:2        Depths (0/5) D:15
   Lair: D:8-11      Vaults: D:13-14

Altars:
Cheibriados
Fedhas
Gozag
Kikubaaqudgha
Nemelex Xobeh
Qazlal
Sif Muna
Uskayaw
Vehumet

Shops:
D:11 (   D:13 *   Orc:1 =   Orc:2 ([:*

Annotations:
D:4 Pikel


Innate Abilities, Weirdness & Mutations

Your experience applies equally to all skills.
You have very sharp teeth.
Your uncanny sense of smell can sniff out nearby items.
You have sharp toenails.
You passively map a small area around you.


Message History

Aim: a deep elf sorcerer, wielding an antimagic broad axe (almost dead, constricted by zombie hands)
The puff of flame hits the deep elf sorcerer.
You kill the deep elf sorcerer!
Cheibriados appreciates the change of pace.
You have reached level 16!
You feel stronger.
The deep elf master archer wields a longbow.
The deep elf master archer shoots an arrow.
You block the arrow.
The deep elf master archer shoots an arrow.
The arrow hits you but does no damage.
The deep elf master archer shoots an arrow.
The arrow hits you!
* * * LOW HITPOINT WARNING * * *
A deep elf high priest, a deep elf death mage and a deep elf master archer come into view.
The deep elf death mage is wielding a twisted falchion {venom}.
The deep elf high priest is wielding a dazzling halberd {flame}.
Items here: $ ( )))) [[ ÷ Unknown command.
Okay, then.
Unknown command.
Okay, then.
You can feel time thicken for a moment.
You feel somewhat more hungry.
Cheibriados lowers the support of your attributes as your movement quickens.
The deep elf master archer shoots an arrow.
The arrow misses you.
The deep elf high priest mumbles some strange prayers to its god.
The deep elf high priest begins emitting a brilliant aura!
The deep elf death mage is empowered by the deep elf high priest's aura!
The deep elf death mage gestures at you while chanting.
The bolt of negative energy hits you! You partially resist.
You feel drained.
* * * LOW HITPOINT WARNING * * *
You hear a shout!
Okay, then.
As you read the scroll of fog, it crumbles to dust.
The scroll dissolves into smoke.
The deep elf death mage seems less brilliant.
The deep elf death mage is empowered by the deep elf high priest's aura!
You feel much better.
You slice the deep elf death mage!!
Your kick misses the deep elf death mage.
The deep elf death mage is almost dead.
The deep elf death mage seems less brilliant.
The deep elf death mage is infused with unholy energy.
* * * LOW HITPOINT WARNING * * *
The deep elf death mage draws life force from you and is healed!
The deep elf death mage is empowered by something's aura!
Magic courses through your body.
The deep elf death mage points at you and mumbles some strange words.
The bolt of negative energy misses you.
The deep elf high priest invokes the aid of its god against you.
Something smites you!
* * * LOW HITPOINT WARNING * * *
The deep elf master archer shoots an arrow.
The arrow hits you.
* * * LOW HITPOINT WARNING * * *
You block the deep elf death mage's attack.
You feel much better.
The deep elf death mage seems less brilliant.
The deep elf death mage is empowered by the deep elf high priest's aura!
The deep elf high priest mumbles some strange prayers to its god against you.
Something smites you!
* * * LOW HITPOINT WARNING * * *
The deep elf death mage gestures wildly while chanting.
Some corpses begin to drag themselves along the ground!
Some corpses meld into agglomerations of writhing flesh!
The deep elf high priest barely misses you.
The deep elf master archer shoots an arrow.
The arrow barely misses you.
The arrow hits the crawling corpse!!
The crawling corpse is destroyed! 2 small abominations and a crawling corpse come into view.
Unknown command.
You can feel time thicken for a moment.
You kill the deep elf death mage!
Cheibriados appreciates the change of pace.
You kill the deep elf high priest!
Cheibriados thoroughly appreciates the change of pace.
You destroy the crawling corpse!
You feel somewhat more hungry.
Cheibriados lowers the support of your attributes as your movement quickens.
The small abomination misses you.
You riposte.
You closely miss the small abomination.
You claw the small abomination, but do no damage.
The small abomination is heavily damaged.
The deep elf master archer shoots an arrow.
The arrow hits you!!
* * * LOW HITPOINT WARNING * * *
The deep elf master archer shoots an arrow.
You block the arrow.
A deep elf death mage comes into view. It is wielding a short sword.
Unknown command.
You can feel time thicken for a moment.
You destroy the small abomination!
Cheibriados thoroughly appreciates the change of pace.
Your life force feels restored.
You feel somewhat more hungry.
Cheibriados lowers the support of your attributes as your movement quickens.
The deep elf death mage seems less brilliant.
The deep elf master archer shoots an arrow.
The arrow closely misses you. The small abomination hits you!
You die...

*,,,,,............:..,,,,**
**,,,..⌠.............,,,**
*,,,................,,,*
**,,......ee...)....,,**
**,.....§.)...)...[***
**....§e§§......,**
*#...§..§§§.#****
**#.§§§§§#** ###§e8§#
####x##
######..§§###########* *
#.##'#.)..#.......#..###
*,#...#(.##...........#.
*,+.<.'(###............#
*,#...#.###.............
#.##+##.[##.......#...#)
#..........)).)...###*#.


You could see a deep elf master archer, a deep elf death mage and a small
abomination.

Vanquished Creatures
  A bone dragon (Abyss:2)
  A deep elf master archer (Elf:3)
  A tentacled starspawn (Abyss:2)
  9 deep elf sorcerers (Elf:3)
  3 deep elf elementalists (Elf:3)
  A deep elf demonologist (Elf:3)
  3 deep elf annihilators (Elf:3)
  5 deep elf death magi (Elf:3)
  An ettin (D:15)
  3 deep elf high priests (Elf:3)
  A hydra (D:11)
  2 ice dragons (IceCv)
  2 centaur warriors (D:15)
  4 dancing weapons
  5 ogre magi
  17 two-headed ogres
  A small abomination (Elf:3)
  4 deep elf knights (Elf:3)
  A spatial maelstrom (Abyss:2)
  An unseen horror (D:13)
  A deep troll (D:15)
  2 deep elf archers (Elf:3)
  The ghost of Eptagon the Skirmisher, a novice GrBe of Trog (D:8)
  2 orc knights (Bailey)
  24 deep elf magi
  A cyclops (D:15)
  10 ugly things
  3 manticores
  A gargoyle (D:11)
  2 ice statues (IceCv)
  2 rime drakes (IceCv)
  4 kobold demonologists
  An efreet (D:15)
  2 ice devils (Orc:1)
  A meliai (shapeshifter) (D:13)
  4 trolls
  A vampire (D:13)
  3 water elementals
  A wyvern (D:14)
  A basilisk (D:11)
  26 yaks
  A neqoxec (Abyss:2)
  3 hungry ghosts
  Menkaure (D:5)
  A warg (Orc:2)
  3 large abominations (Abyss:2)
  A water moccasin (D:15)
  An acid dragon (D:15)
  15 orc warriors
  A black bear (D:7)
  14 ice beasts (IceCv)
  A phantom (D:11)
  An eye of draining (D:15)
  28 ogres
  4 centaurs
  A big kobold (D:11)
  3 bullfrogs
  4 scorpions
  A hornet simulacrum (D:11)
  6 killer bees (D:9)
  3 howler monkeys
  4 wights
  2 bullfrog zombies
  7 crimson imps
  2 quasits
  3 bullfrog skeletons
  5 hounds
  3 jellies
  10 orc wizards
  14 orc priests
  3 iguanas
  3 hound skeletons
  A worker ant zombie (D:8)
  12 adders
  8 gnolls
  3 shadow imps
  An ooze (D:3)
  A worm (D:4)
  2 adder zombies
  A dart slug (D:2)
  4 leopard geckos
  58 orcs
  2 giant cockroaches (D:5)
  5 goblins
  A hobgoblin (D:3)
  6 jackals
  10 kobolds
  2 quokkas
  A ball python (D:3)
  12 bats
  2 frilled lizards (D:2)
  2 rats
  A crawling corpse (Elf:3)
443 creatures vanquished.

Vanquished Creatures (collateral kills)
  3 two-headed ogres
  An unseen horror (D:11)
  An ugly thing (D:11)
  An orc warrior (D:8)
  5 ogres (Orc:2)
  A big kobold (D:11)
  A bullfrog (D:15)
  A wyvern zombie (D:11)
  A howler monkey (D:8)
  A hound (D:11)
  An orc priest (Orc:2)
  An orc wizard (D:8)
  A leopard gecko (D:8)
  An orc (Orc:2)
20 creatures vanquished.

Vanquished Creatures (others)
  A crawling corpse (Elf:3)
  6 starspawn tentacles (Abyss:2)
7 creatures vanquished.

Grand Total: 470 creatures vanquished

Notes
Turn   | Place    | Note
-------+----------+-------------------------------------------
     0 | D:1      | tidbits the Gnoll Necromancer began the quest for the Orb.
     0 | D:1      | Reached XP level 1. HP: 13/13 MP: 6/6
   225 | D:2      | Reached XP level 2. HP: 19/20 MP: 4/7
   228 | D:2      | Learned a level 1 spell: Animate Skeleton
   336 | D:2      | Found a sparkling altar of Nemelex Xobeh.
   431 | D:3      | Reached skill level 5 in Spellcasting
   431 | D:3      | Reached XP level 3. HP: 24/25 MP: 5/9
   436 | D:3      | Learned a level 3 spell: Vampiric Draining
   440 | D:3      | Learned a level 3 spell: Regeneration
   560 | D:3      | Found an ancient bone altar of Kikubaaqudgha.
   610 | D:3      | Reached skill level 1 in Invocations
   620 | D:4      | Noticed a slave
   621 | D:4      | Noticed Pikel
   621 | D:4      | Noticed a slave
   621 | D:4      | Noticed a slave
   621 | D:4      | Noticed a slave
   671 | D:3      | Reached skill level 1 in Fighting
   671 | D:3      | Reached skill level 1 in Short Blades
   671 | D:3      | Reached skill level 1 in Long Blades
   671 | D:3      | Reached skill level 1 in Axes
   671 | D:3      | Reached skill level 1 in Maces & Flails
   671 | D:3      | Reached skill level 1 in Polearms
   671 | D:3      | Reached skill level 1 in Staves
   671 | D:3      | Reached skill level 1 in Slings
   671 | D:3      | Reached skill level 1 in Bows
   671 | D:3      | Reached skill level 1 in Crossbows
   671 | D:3      | Reached skill level 1 in Throwing
   671 | D:3      | Reached skill level 1 in Armour
   671 | D:3      | Reached skill level 1 in Shields
   671 | D:3      | Reached skill level 1 in Unarmed Combat
   671 | D:3      | Reached skill level 1 in Evocations
   671 | D:3      | Reached XP level 4. HP: 26/32 MP: 6/11
   769 | D:3      | Noticed a bullfrog
   790 | D:3      | Reached skill level 1 in Conjurations
   790 | D:3      | Reached skill level 1 in Hexes
   790 | D:3      | Reached skill level 1 in Charms
   790 | D:3      | Reached skill level 1 in Summonings
   790 | D:3      | Reached skill level 1 in Translocations
   790 | D:3      | Reached skill level 1 in Transmutations
   790 | D:3      | Reached skill level 1 in Fire Magic
   790 | D:3      | Reached skill level 1 in Ice Magic
   790 | D:3      | Reached skill level 1 in Air Magic
   790 | D:3      | Reached skill level 1 in Earth Magic
   790 | D:3      | Reached skill level 1 in Poison Magic
   796 | D:3      | Killed a bullfrog
   796 | D:3      | Reached XP level 5. HP: 26/37 MP: 4/12
   872 | D:4      | Noticed a phantom
   877 | D:5      | Entered Level 5 of the Dungeon
   887 | D:5      | Learned a level 3 spell: Confuse
   969 | D:5      | Reached skill level 2 in Invocations
   969 | D:5      | Reached XP level 6. HP: 27/44 MP: 4/13
  1080 | D:5      | Noticed Menkaure
  1090 | D:5      | Killed Menkaure
  1090 | D:5      | Reached skill level 2 in Fighting
  1090 | D:5      | Reached skill level 2 in Short Blades
  1090 | D:5      | Reached skill level 2 in Long Blades
  1090 | D:5      | Reached skill level 2 in Axes
  1090 | D:5      | Reached skill level 2 in Maces & Flails
  1090 | D:5      | Reached skill level 2 in Polearms
  1090 | D:5      | Reached skill level 2 in Staves
  1090 | D:5      | Reached skill level 2 in Slings
  1090 | D:5      | Reached skill level 2 in Bows
  1090 | D:5      | Reached skill level 2 in Crossbows
  1090 | D:5      | Reached skill level 2 in Throwing
  1090 | D:5      | Reached skill level 2 in Armour
  1090 | D:5      | Reached skill level 5 in Dodging
  1090 | D:5      | Reached skill level 2 in Shields
  1090 | D:5      | Reached skill level 2 in Unarmed Combat
  1090 | D:5      | Reached skill level 2 in Evocations
  1124 | D:5      | Found a blossoming altar of Fedhas.
  1248 | D:5      | Reached XP level 7. HP: 50/50 MP: 13/15
  1310 | D:6      | Reached skill level 2 in Conjurations
  1310 | D:6      | Reached skill level 2 in Hexes
  1310 | D:6      | Reached skill level 2 in Charms
  1310 | D:6      | Reached skill level 2 in Summonings
  1310 | D:6      | Reached skill level 2 in Translocations
  1310 | D:6      | Reached skill level 2 in Transmutations
  1310 | D:6      | Reached skill level 2 in Fire Magic
  1310 | D:6      | Reached skill level 2 in Ice Magic
  1310 | D:6      | Reached skill level 2 in Air Magic
  1310 | D:6      | Reached skill level 2 in Earth Magic
  1310 | D:6      | Reached skill level 2 in Poison Magic
  1331 | D:6      | Found a staircase to the Ecumenical Temple.
  1344 | Temple   | Entered the Ecumenical Temple
  1379 | Temple   | Became a worshipper of Cheibriados the Contemplative
  1495 | D:6      | Found a hide-covered altar of Uskayaw.
  1501 | D:6      | Got a heavily runed helmet
  1507 | D:6      | Identified the +0 helmet of Wisdom {Int+4} (You found it on level 6 of the Dungeon)
  1811 | D:6      | Reached skill level 5 in Stealth
  1811 | D:6      | Reached skill level 3 in Invocations
  1815 | D:6      | Reached XP level 8. HP: 41/57 MP: 16/16
  1896 | D:7      | Reached skill level 3 in Fighting
  1896 | D:7      | Reached skill level 3 in Short Blades
  1896 | D:7      | Reached skill level 3 in Long Blades
  1896 | D:7      | Reached skill level 3 in Axes
  1896 | D:7      | Reached skill level 3 in Maces & Flails
  1896 | D:7      | Reached skill level 3 in Polearms
  1896 | D:7      | Reached skill level 3 in Staves
  1896 | D:7      | Reached skill level 3 in Slings
  1896 | D:7      | Reached skill level 3 in Bows
  1896 | D:7      | Reached skill level 3 in Crossbows
  1896 | D:7      | Reached skill level 3 in Throwing
  1896 | D:7      | Reached skill level 3 in Armour
  1896 | D:7      | Reached skill level 3 in Shields
  1896 | D:7      | Reached skill level 3 in Unarmed Combat
  1896 | D:7      | Reached skill level 3 in Evocations
  1998 | D:6      | Reached skill level 6 in Spellcasting
  2084 | D:7      | Reached * piety under Cheibriados
  2141 | D:7      | Learned a level 1 spell: Apportation
  2185 | D:7      | Found a flagged portal.
  2238 | Bailey   | Entered a bailey
  2251 | Bailey   | Got twisted steam dragon scales
  2262 | Bailey   | Identified the +1 steam dragon scales of the Trees {rN+ MR+ rCorr} (You found it in a bailey)
  2272 | Bailey   | Learned a level 5 spell: Borgnjor's Vile Clutch
  2273 | Bailey   | Noticed an orc knight
  2304 | Bailey   | Reached skill level 4 in Invocations
  2314 | Bailey   | Reached skill level 3 in Conjurations
  2314 | Bailey   | Reached skill level 3 in Hexes
  2314 | Bailey   | Reached skill level 3 in Charms
  2314 | Bailey   | Reached skill level 3 in Summonings
  2314 | Bailey   | Reached skill level 3 in Translocations
  2314 | Bailey   | Reached skill level 3 in Transmutations
  2314 | Bailey   | Reached skill level 3 in Fire Magic
  2314 | Bailey   | Reached skill level 3 in Ice Magic
  2314 | Bailey   | Reached skill level 3 in Air Magic
  2314 | Bailey   | Reached skill level 3 in Earth Magic
  2314 | Bailey   | Reached skill level 3 in Poison Magic
  2314 | Bailey   | Reached XP level 9. HP: 65/65 MP: 0/18
  2326 | Bailey   | Reached skill level 6 in Dodging
  2355 | Bailey   | Killed an orc knight
  2355 | Bailey   | Reached skill level 4 in Fighting
  2355 | Bailey   | Reached skill level 4 in Short Blades
  2355 | Bailey   | Reached skill level 4 in Long Blades
  2355 | Bailey   | Reached skill level 4 in Axes
  2355 | Bailey   | Reached skill level 4 in Maces & Flails
  2355 | Bailey   | Reached skill level 4 in Polearms
  2355 | Bailey   | Reached skill level 4 in Staves
  2355 | Bailey   | Reached skill level 4 in Slings
  2355 | Bailey   | Reached skill level 4 in Bows
  2355 | Bailey   | Reached skill level 4 in Crossbows
  2355 | Bailey   | Reached skill level 4 in Throwing
  2355 | Bailey   | Reached skill level 4 in Armour
  2355 | Bailey   | Reached skill level 4 in Shields
  2355 | Bailey   | Reached skill level 4 in Unarmed Combat
  2355 | Bailey   | Reached skill level 4 in Evocations
  2364 | Bailey   | Noticed an orc knight
  2372 | Bailey   | Killed an orc knight
  2372 | Bailey   | Reached skill level 6 in Stealth
  2372 | Bailey   | Reached skill level 8 in Necromancy
  2428 | Bailey   | Reached ** piety under Cheibriados
  2611 | D:8      | Noticed a two-headed ogre
  2617 | D:8      | Killed a two-headed ogre
  2617 | D:8      | Reached skill level 7 in Spellcasting
  2617 | D:8      | Reached skill level 5 in Invocations
  2617 | D:8      | Reached XP level 10. HP: 73/73 MP: 20/20
  2626 | D:8      | Reached skill level 4 in Conjurations
  2626 | D:8      | Reached skill level 4 in Hexes
  2626 | D:8      | Reached skill level 4 in Charms
  2626 | D:8      | Reached skill level 4 in Summonings
  2626 | D:8      | Reached skill level 4 in Translocations
  2626 | D:8      | Reached skill level 4 in Transmutations
  2626 | D:8      | Reached skill level 4 in Fire Magic
  2626 | D:8      | Reached skill level 4 in Ice Magic
  2626 | D:8      | Reached skill level 4 in Air Magic
  2626 | D:8      | Reached skill level 4 in Earth Magic
  2626 | D:8      | Reached skill level 4 in Poison Magic
  2635 | D:8      | Found the +8 autumn katana {slice, Clar}
  2640 | D:8      | Noticed Eptagon's ghost (novice GrBe)
  2662 | D:8      | Killed Eptagon's ghost
  2662 | D:8      | Reached skill level 5 in Fighting
  2662 | D:8      | Reached skill level 5 in Short Blades
  2662 | D:8      | Reached skill level 5 in Long Blades
  2662 | D:8      | Reached skill level 5 in Axes
  2662 | D:8      | Reached skill level 5 in Maces & Flails
  2662 | D:8      | Reached skill level 5 in Polearms
  2662 | D:8      | Reached skill level 5 in Staves
  2662 | D:8      | Reached skill level 5 in Slings
  2662 | D:8      | Reached skill level 5 in Bows
  2662 | D:8      | Reached skill level 5 in Crossbows
  2662 | D:8      | Reached skill level 5 in Throwing
  2662 | D:8      | Reached skill level 5 in Armour
  2662 | D:8      | Reached skill level 5 in Shields
  2662 | D:8      | Reached skill level 5 in Unarmed Combat
  2662 | D:8      | Reached skill level 5 in Evocations
  2793 | D:8      | Got a polished ring mail
  2810 | D:8      | Reached *** piety under Cheibriados
  2880 | D:9      | Reached skill level 7 in Dodging
  2899 | D:10     | Entered Level 10 of the Dungeon
  2939 | D:9      | Reached **** piety under Cheibriados
  2968 | D:9      | Reached skill level 7 in Stealth
  2968 | D:9      | Reached skill level 6 in Invocations
  3134 | D:9      | Identified the +3 ring mail "Zoz Ily" {*Slow +Blink Regen+ SInv} (You took it off an orc on level 8 of the Dungeon)
  3137 | D:9      | Gained mutation: You have sharp toenails. [potion of mutation]
  3137 | D:9      | Gained mutation: You passively map a small area around you. [potion of mutation]
  3183 | D:9      | Noticed a two-headed ogre
  3199 | D:9      | Killed a two-headed ogre
  3208 | D:9      | Reached XP level 11. HP: 80/81 MP: 15/22
  3240 | D:11     | Found a staircase to the Orcish Mines.
  3240 | D:11     | Found Edobaah's Weapon Shoppe.
  3244 | D:11     | Noticed an eight-headed hydra
  3254 | D:11     | Killed an eight-headed hydra
  3254 | D:11     | Reached skill level 6 in Fighting
  3254 | D:11     | Reached skill level 6 in Short Blades
  3254 | D:11     | Reached skill level 6 in Long Blades
  3254 | D:11     | Reached skill level 6 in Axes
  3254 | D:11     | Reached skill level 6 in Maces & Flails
  3254 | D:11     | Reached skill level 6 in Polearms
  3254 | D:11     | Reached skill level 6 in Staves
  3254 | D:11     | Reached skill level 6 in Slings
  3254 | D:11     | Reached skill level 6 in Bows
  3254 | D:11     | Reached skill level 6 in Crossbows
  3254 | D:11     | Reached skill level 6 in Throwing
  3254 | D:11     | Reached skill level 6 in Armour
  3254 | D:11     | Reached skill level 6 in Shields
  3254 | D:11     | Reached skill level 6 in Unarmed Combat
  3254 | D:11     | Reached skill level 5 in Conjurations
  3254 | D:11     | Reached skill level 5 in Hexes
  3254 | D:11     | Reached skill level 5 in Charms
  3254 | D:11     | Reached skill level 5 in Summonings
  3254 | D:11     | Reached skill level 5 in Translocations
  3254 | D:11     | Reached skill level 5 in Transmutations
  3254 | D:11     | Reached skill level 5 in Fire Magic
  3254 | D:11     | Reached skill level 5 in Ice Magic
  3254 | D:11     | Reached skill level 5 in Air Magic
  3254 | D:11     | Reached skill level 5 in Earth Magic
  3254 | D:11     | Reached skill level 5 in Poison Magic
  3254 | D:11     | Reached skill level 6 in Evocations
  3297 | D:11     | Noticed a manticore
  3300 | D:11     | Noticed a green ugly thing
  3301 | D:11     | Killed a manticore
  3301 | D:11     | Reached ***** piety under Cheibriados
  3301 | D:11     | Reached skill level 8 in Spellcasting
  3304 | D:11     | Killed a green ugly thing
  3342 | D:11     | Learned a level 1 spell: Corona
  3343 | D:11     | Noticed an unseen horror
  3347 | D:11     | Killed an unseen horror
  3391 | D:11     | Reached skill level 9 in Necromancy
  3391 | D:11     | Reached skill level 7 in Invocations
  3418 | D:11     | Reached skill level 8 in Dodging
  3501 | D:11     | Learned a level 4 spell: Animate Dead
  3676 | D:12     | Found a stormy altar of Qazlal.
  3727 | D:13     | Noticed a harpy
  3741 | D:13     | Found Wuserghyzyz's Blood Bar.
  3772 | D:13     | Reached skill level 8 in Stealth
  3773 | D:13     | Reached XP level 12. HP: 71/89 MP: 18/24
  3775 | D:13     | Reached ****** piety under Cheibriados
  3887 | D:14     | Found a blossoming altar of Fedhas.
  3892 | D:15     | Entered Level 15 of the Dungeon
  3892 | D:15     | Noticed a two-headed ogre
  3902 | D:15     | Killed a two-headed ogre
  3936 | D:15     | Reached skill level 7 in Fighting
  3936 | D:15     | Reached skill level 7 in Short Blades
  3936 | D:15     | Reached skill level 7 in Long Blades
  3936 | D:15     | Reached skill level 7 in Axes
  3936 | D:15     | Reached skill level 7 in Maces & Flails
  3936 | D:15     | Reached skill level 7 in Polearms
  3936 | D:15     | Reached skill level 7 in Staves
  3936 | D:15     | Reached skill level 7 in Slings
  3936 | D:15     | Reached skill level 7 in Bows
  3936 | D:15     | Reached skill level 7 in Crossbows
  3936 | D:15     | Reached skill level 7 in Throwing
  3936 | D:15     | Reached skill level 7 in Armour
  3936 | D:15     | Reached skill level 7 in Shields
  3936 | D:15     | Reached skill level 7 in Unarmed Combat
  3936 | D:15     | Reached skill level 7 in Evocations
  3952 | D:15     | Noticed a centaur warrior
  3953 | D:15     | Noticed a two-headed ogre
  3961 | D:15     | Killed a centaur warrior
  3962 | D:15     | Killed a two-headed ogre
  3963 | D:15     | Noticed an ettin
  3971 | D:15     | Killed an ettin
  3971 | D:15     | Reached skill level 6 in Conjurations
  3971 | D:15     | Reached skill level 6 in Hexes
  3971 | D:15     | Reached skill level 6 in Charms
  3971 | D:15     | Reached skill level 6 in Summonings
  3971 | D:15     | Reached skill level 6 in Translocations
  3971 | D:15     | Reached skill level 6 in Transmutations
  3971 | D:15     | Reached skill level 6 in Fire Magic
  3971 | D:15     | Reached skill level 6 in Ice Magic
  3971 | D:15     | Reached skill level 6 in Air Magic
  3971 | D:15     | Reached skill level 6 in Earth Magic
  3971 | D:15     | Reached skill level 6 in Poison Magic
  4012 | D:15     | Reached skill level 8 in Invocations
  4016 | D:15     | Reached skill level 9 in Spellcasting
  4105 | D:15     | Found a staircase to the Depths.
  4108 | D:15     | Noticed an ogre mage
  4109 | D:15     | Noticed a two-headed ogre
  4114 | D:15     | Noticed a centaur warrior
  4116 | D:15     | Killed an ogre mage
  4122 | D:15     | Killed a two-headed ogre
  4122 | D:15     | Reached skill level 9 in Dodging
  4124 | D:15     | Killed a centaur warrior
  4124 | D:15     | Reached XP level 13. HP: 28/98 MP: 5/26
  4252 | D:14     | Reached skill level 9 in Stealth
  4374 | D:13     | Reached skill level 8 in Fighting
  4374 | D:13     | Reached skill level 8 in Short Blades
  4374 | D:13     | Reached skill level 8 in Long Blades
  4374 | D:13     | Reached skill level 8 in Axes
  4374 | D:13     | Reached skill level 8 in Maces & Flails
  4374 | D:13     | Reached skill level 8 in Polearms
  4374 | D:13     | Reached skill level 8 in Staves
  4374 | D:13     | Reached skill level 8 in Slings
  4374 | D:13     | Reached skill level 8 in Bows
  4374 | D:13     | Reached skill level 8 in Crossbows
  4374 | D:13     | Reached skill level 8 in Throwing
  4374 | D:13     | Reached skill level 8 in Armour
  4374 | D:13     | Reached skill level 8 in Shields
  4374 | D:13     | Reached skill level 8 in Unarmed Combat
  4374 | D:13     | Reached skill level 8 in Evocations
  4588 | Orc:1    | Entered Level 1 of the Orcish Mines
  4588 | Orc:1    | Found Bypsat's Jewellery Emporium.
  4638 | Orc:1    | Found a frozen archway.
  4652 | IceCv    | Entered an ice cave
  4732 | IceCv    | Reached skill level 9 in Invocations
  4763 | IceCv    | Noticed an ice dragon
  4765 | IceCv    | Noticed an ice dragon
  4776 | IceCv    | Killed an ice dragon
  4779 | IceCv    | Killed an ice dragon
  4811 | IceCv    | Found the brooch of Shielding {Reflect SH+8}
  5022 | Orc:2    | Entered Level 2 of the Orcish Mines
  5059 | Orc:1    | Reached skill level 10 in Necromancy
  5224 | Orc:1    | Reached skill level 7 in Conjurations
  5224 | Orc:1    | Reached skill level 7 in Hexes
  5224 | Orc:1    | Reached skill level 7 in Charms
  5224 | Orc:1    | Reached skill level 7 in Summonings
  5224 | Orc:1    | Reached skill level 7 in Translocations
  5224 | Orc:1    | Reached skill level 7 in Transmutations
  5224 | Orc:1    | Reached skill level 7 in Fire Magic
  5224 | Orc:1    | Reached skill level 7 in Ice Magic
  5224 | Orc:1    | Reached skill level 7 in Air Magic
  5224 | Orc:1    | Reached skill level 7 in Earth Magic
  5224 | Orc:1    | Reached skill level 7 in Poison Magic
  5298 | Orc:2    | Found a staircase to the Elven Halls.
  5319 | Orc:2    | Noticed an ogre mage
  5324 | Orc:2    | Killed an ogre mage
  5325 | Orc:2    | Reached skill level 10 in Spellcasting
  5326 | Orc:2    | Reached XP level 14. HP: 88/106 MP: 8/28
  5338 | Orc:2    | Reached skill level 10 in Dodging
  5345 | Orc:2    | Reached skill level 9 in Fighting
  5345 | Orc:2    | Reached skill level 9 in Short Blades
  5345 | Orc:2    | Reached skill level 9 in Long Blades
  5345 | Orc:2    | Reached skill level 9 in Axes
  5345 | Orc:2    | Reached skill level 9 in Maces & Flails
  5345 | Orc:2    | Reached skill level 9 in Polearms
  5345 | Orc:2    | Reached skill level 9 in Staves
  5345 | Orc:2    | Reached skill level 9 in Slings
  5345 | Orc:2    | Reached skill level 9 in Bows
  5345 | Orc:2    | Reached skill level 9 in Crossbows
  5345 | Orc:2    | Reached skill level 9 in Throwing
  5345 | Orc:2    | Reached skill level 9 in Armour
  5345 | Orc:2    | Reached skill level 9 in Shields
  5345 | Orc:2    | Reached skill level 9 in Unarmed Combat
  5345 | Orc:2    | Reached skill level 9 in Evocations
  5372 | Orc:2    | Found Inoisk's Armour Shop.
  5372 | Orc:2    | Found Ustoe's General Store.
  5379 | Orc:2    | Found Toaxoada's Book Shop.
  5379 | Orc:2    | Found Huiho's Weapon Emporium.
  5399 | Orc:2    | Bought a book of the Earth for 910 gold pieces
  5406 | Orc:2    | Learned a level 6 spell: Statue Form
  5434 | Elf:1    | Entered Level 1 of the Elven Halls
  5466 | Elf:1    | Reached skill level 10 in Stealth
  5524 | Elf:2    | Got a twisted buckler
  5541 | Elf:2    | Identified the -5 buckler of Darkness {rPois} (You found it on level 2 of the Elven Halls)
  5549 | Elf:3    | Entered Level 3 of the Elven Halls
  5595 | Elf:3    | Reached skill level 10 in Invocations
  5617 | Elf:3    | Noticed a deep elf annihilator
  5624 | Elf:3    | Killed a deep elf annihilator
  5726 | Elf:3    | Reached skill level 8 in Conjurations
  5726 | Elf:3    | Reached skill level 8 in Hexes
  5726 | Elf:3    | Reached skill level 8 in Charms
  5726 | Elf:3    | Reached skill level 8 in Summonings
  5726 | Elf:3    | Reached skill level 8 in Translocations
  5726 | Elf:3    | Reached skill level 8 in Transmutations
  5726 | Elf:3    | Reached skill level 8 in Fire Magic
  5726 | Elf:3    | Reached skill level 8 in Ice Magic
  5726 | Elf:3    | Reached skill level 8 in Air Magic
  5726 | Elf:3    | Reached skill level 8 in Earth Magic
  5726 | Elf:3    | Reached skill level 8 in Poison Magic
  5727 | Elf:3    | Reached XP level 15. HP: 114/114 MP: 29/29
  5779 | Elf:2    | Learned a level 2 spell: Song of Slaying
  5783 | Elf:2    | Learned a level 3 spell: Spectral Weapon
  5793 | Elf:3    | Noticed a deep elf elementalist
  5793 | Elf:3    | Noticed a deep elf sorcerer
  5795 | Elf:3    | Noticed a deep elf sorcerer
  5796 | Elf:3    | Noticed a deep elf sorcerer
  5796 | Elf:3    | Killed a deep elf sorcerer
  5797 | Elf:3    | Killed a deep elf elementalist
  5797 | Elf:3    | Killed a deep elf sorcerer
  5798 | Elf:3    | Noticed a deep elf sorcerer
  5799 | Elf:3    | Noticed a deep elf elementalist
  5799 | Elf:3    | Killed a deep elf sorcerer
  5799 | Elf:3    | Cast into level 2 of the Abyss (a deep elf sorcerer)
  5833 | Abyss:2  | Noticed a bone dragon
  5849 | Abyss:2  | Noticed a tentacled starspawn
  5849 | Abyss:2  | Killed a bone dragon
  5849 | Abyss:2  | Reached skill level 11 in Spellcasting
  5867 | Abyss:2  | Killed a tentacled starspawn
  5873 | Abyss:2  | Reached skill level 10 in Fighting
  5873 | Abyss:2  | Reached skill level 10 in Short Blades
  5873 | Abyss:2  | Reached skill level 10 in Long Blades
  5873 | Abyss:2  | Reached skill level 10 in Axes
  5873 | Abyss:2  | Reached skill level 10 in Maces & Flails
  5873 | Abyss:2  | Reached skill level 10 in Polearms
  5873 | Abyss:2  | Reached skill level 10 in Staves
  5873 | Abyss:2  | Reached skill level 10 in Slings
  5873 | Abyss:2  | Reached skill level 10 in Bows
  5873 | Abyss:2  | Reached skill level 10 in Crossbows
  5873 | Abyss:2  | Reached skill level 10 in Throwing
  5873 | Abyss:2  | Reached skill level 10 in Armour
  5873 | Abyss:2  | Reached skill level 10 in Shields
  5873 | Abyss:2  | Reached skill level 10 in Unarmed Combat
  5873 | Abyss:2  | Reached skill level 10 in Evocations
  5889 | Abyss:2  | Found a corrupted altar of Lugonu.
  5917 | Elf:3    | Escaped the Abyss
  5917 | Elf:3    | Noticed a deep elf sorcerer
  5917 | Elf:3    | Noticed a deep elf sorcerer
  5917 | Elf:3    | Noticed a deep elf sorcerer
  5920 | Elf:3    | Killed a deep elf sorcerer
  5920 | Elf:3    | Killed a deep elf sorcerer
  5920 | Elf:3    | Reached skill level 11 in Dodging
  5921 | Elf:3    | Killed a deep elf sorcerer
  5921 | Elf:3    | Reached skill level 11 in Necromancy
  5921 | Elf:3    | Killed a deep elf elementalist
  5921 | Elf:3    | Killed a deep elf sorcerer
  5921 | Elf:3    | Reached skill level 11 in Invocations
  5921 | Elf:3    | HP: 10/149 [deep elf high priest/divine providence (10)]
  5926 | Elf:3    | Noticed a deep elf elementalist
  5927 | Elf:3    | Noticed a deep elf master archer
  5929 | Elf:3    | Killed a deep elf master archer
  5929 | Elf:3    | Reached skill level 11 in Stealth
  5931 | Elf:3    | Killed a deep elf elementalist
  5961 | Elf:3    | Noticed a deep elf sorcerer
  5964 | Elf:3    | Killed a deep elf sorcerer
  5967 | Elf:3    | Noticed a deep elf sorcerer
  5970 | Elf:3    | Killed a deep elf sorcerer
  5970 | Elf:3    | Reached XP level 16. HP: 77/123 MP: 4/31
  5972 | Elf:3    | Noticed a deep elf master archer
  5978 | Elf:3    | HP: 8/159 [deep elf master archer/arrow (19)]
  5979 | Elf:3    | Slain by a small abomination

Vault maps used:
D:1:      dpeg_arrival_water_temple_mockup
D:2:      lemuel_round_altar, chequers_ecumenical_altar_lobes, minmay_liquid_box
D:3:      marbit_many_paths
D:4:      first_ration, uniq_pikel
D:5:      basic_altar, uniq_menkaure
D:6:      gammafunk_temple_overflow_statue, temple_hall, basic_altar
D:7:      enter_bailey_3, kennysheep_generic_room_9
D:9:      mumra_celtic_spiral_tile
D:10:     erik_lair_orcish_takeover, david_nohive_1
D:11:     minmay_blocky_corners, orc_david_3
D:12:     kennysheep_ambush_hall, nicolae_qazlal_style_of_elements
D:13:     guppyfry_shop_blood
D:14:     hangedman_vaults_entry_quadrant_bands, serial_shops, shop,
          fedhas_altar_3
D:15:     hangedman_depths_entry_civil_slaughter
Temple:   dpeg_five_rooms_temple
Orc:1:    serial_shops, shop, portal_ice_cave_demonic_guard
Orc:2:    st_orc_ogre_mass, serial_shops, shop
Elf:1:    hangedman_elf_represent, nicolae_elf_w_pinch
Elf:2:    item_on_display_b, uniq_aizul, uniq_saint_roka
Elf:3:    minmay_elf_hall_quartered_circle
Bailey:   bailey_polearm_1, bailey
IceCv:    ice_cave_small_dragons

Skill      XL: |  1  2  3  4  5  6  7  8  9 10 11 12 13 14 15 |
---------------+----------------------------------------------+-----
Spellcasting   | 5 6 7 8 9 10 11 | 11.4
Invocations    | 1 2 3 4 5 6 7 8 9 10 11 | 11.2
Fighting       | 1 2 3 4 5 6 7 8 9 10 | 10.3
Short Blades   | 1 2 3 4 5 6 7 8 9 10 | 10.3
Long Blades    | 1 2 3 4 5 6 7 8 9 10 | 10.3
Axes           | 1 2 3 4 5 6 7 8 9 10 | 10.3
Maces & Flails | 1 2 3 4 5 6 7 8 9 10 | 10.3
Polearms       | 1 2 3 4 5 6 7 8 9 10 | 10.3
Staves         | 1 2 3 4 5 6 7 8 9 10 | 10.3
Slings         | 1 2 3 4 5 6 7 8 9 10 | 10.3
Bows           | 1 2 3 4 5 6 7 8 9 10 | 10.3
Crossbows      | 1 2 3 4 5 6 7 8 9 10 | 10.3
Throwing       | 1 2 3 4 5 6 7 8 9 10 | 10.3
Armour         | 1 2 3 4 5 6 7 8 9 10 | 10.3
Shields        | 1 2 3 4 5 6 7 8 9 10 | 10.3
Unarmed Combat | 1 2 3 4 5 6 7 8 9 10 | 10.3
Evocations     | 1 2 3 4 5 6 7 8 9 10 | 10.3
Conjurations   | 1 2 3 4 5 6 7 8 |  8.7
Hexes          | 1 2 3 4 5 6 7 8 |  8.7
Charms         | 1 2 3 4 5 6 7 8 |  8.7
Summonings     | 1 2 3 4 5 6 7 8 |  8.7
Translocations | 1 2 3 4 5 6 7 8 |  8.7
Transmutations | 1 2 3 4 5 6 7 8 |  8.7
Fire Magic     | 1 2 3 4 5 6 7 8 |  8.7
Ice Magic      | 1 2 3 4 5 6 7 8 |  8.7
Air Magic      | 1 2 3 4 5 6 7 8 |  8.7
Earth Magic    | 1 2 3 4 5 6 7 8 |  8.7
Poison Magic   | 1 2 3 4 5 6 7 8 |  8.7
Dodging        | 5 6 7 8 9 10 11 | 11.2
Stealth        | 5 6 7 8 9 10 11 | 11.1
Necromancy     | 8 9 10 11 | 11.1

Action                   |  1- 3 |  4- 6 |  7- 9 | 10-12 | 13-15 | 16-18 || total
-------------------------+-------+-------+-------+-------+-------+-------++-------
Melee: Dagger            |    13 |    44 |   128 |    20 |     6 |       ||   211
       Bite              |       |     8 |     8 |    34 |    60 |       ||   110
       Punch             |       |     1 |     1 |     9 |    15 |       ||    26
       Katana            |       |       |       |   140 |   238 |     1 ||   379
       Kick              |       |       |       |    27 |    18 |     1 ||    46
 Fire: Shortbow          |       |       |    21 |       |       |       ||    21
Throw: Tomahawk          |       |       |       |     1 |     2 |       ||     3
 Cast: Pain              |    23 |    21 |    14 |     6 |       |       ||    64
       Vampiric Draining |       |     2 |     6 |     1 |       |       ||     9
       Confuse           |       |     2 |    13 |     3 |       |       ||    18
       Regeneration      |       |     2 |     4 |    15 |    15 |       ||    36
       Animate Skeleton  |       |     1 |     8 |    16 |     6 |       ||    31
       Apportation       |       |       |     2 |    13 |    35 |       ||    50
       Borgnjor's Vile C |       |       |     1 |    30 |    30 |       ||    61
       Corona            |       |       |       |     3 |       |       ||     3
       Animate Dead      |       |       |       |       |     3 |       ||     3
       Statue Form       |       |       |       |       |     7 |       ||     7
       Spectral Weapon   |       |       |       |       |     3 |       ||     3
Invok: Slouch            |       |       |       |     2 |    11 |     3 ||    16
Evoke: Wand              |       |     1 |    32 |    16 |    19 |     1 ||    69
  Use: Scroll            |       |     7 |     7 |     4 |     7 |     1 ||    26
       Potion            |       |       |       |     3 |     3 |     3 ||     9
 Stab: Sleeping          |     9 |     4 |    12 |     6 |    13 |       ||    44
       Paralysed         |       |     2 |     7 |     4 |       |       ||    13
       Confused          |       |     1 |     3 |       |       |       ||     4
       Distracted        |       |       |     1 |       |     3 |       ||     4
  Eat: Chunk             |       |     1 |     5 |     4 |     6 |       ||    16
       Ration            |       |       |       |     2 |     1 |       ||     3
Armor: Robe              |     2 |     3 |     8 |       |       |       ||    13
       Steam dragon scal |       |       |     6 |    66 |    44 |       ||   116
       Skin              |       |       |       |     7 |    21 |     1 ||    29
Dodge: Dodged            |     5 |    23 |    89 |   254 |   275 |     6 ||   652
Block: Buckler           |       |       |       |       |    22 |       ||    22
       Shield            |       |       |       |       |    15 |     3 ||    18
       Rpst.: Katana     |       |       |       |    59 |    67 |     1 ||   127

Table legend:
 A = Spawn XP
 B = Non-spawn XP
 C = Spawn XP percentage of total XP
 D = Spawn monster count
 E = Non-spawn monster count
 F = Spawn count percentage of total count
 G = Total turns spent on level
                    A         B        C        D         E        F      G
               +---------+---------+-------+---------+---------+-------+---------
         Total |    8379 |  124522 |   6.3 |       8 |     454 |   1.7 |  5979
               +---------+---------+-------+---------+---------+-------+---------
           D:1 |       0 |       4 |   0.0 |       0 |       3 |   0.0 |   153
           D:2 |       0 |      31 |   0.0 |       0 |      11 |   0.0 |   322
           D:3 |       0 |     258 |   0.0 |       0 |      24 |   0.0 |   343
           D:4 |       0 |      18 |   0.0 |       0 |       2 |   0.0 |   115
           D:5 |       0 |     408 |   0.0 |       0 |       8 |   0.0 |   461
           D:6 |       0 |     548 |   0.0 |       0 |      10 |   0.0 |   422
           D:7 |       0 |    1035 |   0.0 |       0 |      29 |   0.0 |   480
           D:8 |       0 |    2192 |   0.0 |       0 |      24 |   0.0 |   269
           D:9 |       0 |    3070 |   0.0 |       0 |      31 |   0.0 |   348
          D:10 |       0 |       5 |   0.0 |       0 |       1 |   0.0 |    28
          D:11 |       0 |    7676 |   0.0 |       0 |      51 |   0.0 |   484
          D:12 |       0 |     753 |   0.0 |       0 |       5 |   0.0 |   138
          D:13 |       0 |    4155 |   0.0 |       0 |      27 |   0.0 |   288
          D:14 |       0 |    4036 |   0.0 |       0 |      10 |   0.0 |   122
          D:15 |       0 |   12864 |   0.0 |       0 |      31 |   0.0 |   309
         Orc:1 |       0 |    3083 |   0.0 |       0 |      36 |   0.0 |   325
         Orc:2 |       0 |   18713 |   0.0 |       0 |      62 |   0.0 |   168
         Elf:1 |       0 |    2323 |   0.0 |       0 |       3 |   0.0 |    68
         Elf:2 |       0 |    1855 |   0.0 |       0 |       4 |   0.0 |    88
         Elf:3 |       0 |   54507 |   0.0 |       0 |      53 |   0.0 |   271
       Abyss:2 |    8379 |       0 | 100.0 |       8 |       0 | 100.0 |   118
        Bailey |       0 |    1692 |   0.0 |       0 |       9 |   0.0 |   237
         IceCv |       0 |    5296 |   0.0 |       0 |      20 |   0.0 |   353
               +---------+---------+-------+---------+---------+-------+---------

Table legend:
 A = Turns spent in this place as a percentage of turns spent in the entire game.
 B = Non-inter-level travel turns spent in this place as a percentage of non-inter-level travel turns spent in the entire game.
 C = Inter-level travel turns spent in this place as a percentage of turns spent in this place.
 D = Turns resting spent in this place as a percentage of non-inter-level travel turns spent in this place.
 E = Turns spent auto-exploring this place as a percentage of non-inter-level travel turns spent in this place.
 F = Non-inter-level travel turns spent in this place divided by the number of levels of this place that you've seen.
                   A       B       C       D       E      F
               +-------+-------+-------+-------+-------+----------------------
         Total | 100.0 | 100.0 |   1.7 |   1.9 |   0.0 | 244.8
       Dungeon |  71.6 |  71.7 |   1.6 |   2.7 |   0.0 | 280.8
        Temple |   1.2 |   0.6 |  46.4 |   0.0 |   0.0 |  37.0
  Orcish Mines |   8.2 |   8.4 |   0.0 |   0.0 |   0.0 | 246.5
   Elven Halls |   7.1 |   7.2 |   0.2 |   0.0 |   0.0 | 142.0
         Abyss |   2.0 |   2.0 |   0.0 |   0.0 |   0.0 | 118.0
        Bailey |   4.0 |   4.0 |   0.0 |   0.0 |   0.0 | 237.0
      Ice Cave |   5.9 |   6.0 |   0.0 |   0.0 |   0.0 | 353.0
               +-------+-------+-------+-------+-------+----------------------

Table legend:
 A = Kills in this place as a percentage of kills in entire the game.
 B = Kills by you in this place as a percentage of kills by you in the entire game.
 C = Kills by friends in this place as a percentage of kills by friends in the entire game.
 D = Other kills in this place as a percentage of other kills in the entire game.
 E = Experience gained in this place as a percentage of experience gained in the entire game.
 F = Experience gained in this place divided by the number of levels of this place that you have seen.
                   A       B       C       D       E      F
               +-------+-------+-------+-------+-------+----------------------
         Total | 100.0 | 100.0 | 100.0 | 100.0 | 100.0 | 5537.5
       Dungeon |  57.8 |  58.2 |  55.0 |   0.0 |  27.9 | 2470.2
  Orcish Mines |  21.2 |  20.2 |  45.0 |   0.0 |  16.4 | 10898.0
   Elven Halls |  13.0 |  13.6 |   0.0 |   0.0 |  44.2 | 19561.7
         Abyss |   1.7 |   1.8 |   0.0 |   0.0 |   6.3 | 8379.0
        Bailey |   1.9 |   1.6 |   0.0 | 100.0 |   1.3 | 1692.0
      Ice Cave |   4.3 |   4.5 |   0.0 |   0.0 |   4.0 | 5296.0
               +-------+-------+-------+-------+-------+----------------------

Vault maps used:
D:1:      dpeg_arrival_water_temple_mockup
D:2:      lemuel_round_altar, chequers_ecumenical_altar_lobes, minmay_liquid_box
D:3:      marbit_many_paths
D:4:      first_ration, uniq_pikel
D:5:      basic_altar, uniq_menkaure
D:6:      gammafunk_temple_overflow_statue, temple_hall, basic_altar
D:7:      enter_bailey_3, kennysheep_generic_room_9
D:9:      mumra_celtic_spiral_tile
D:10:     erik_lair_orcish_takeover, david_nohive_1
D:11:     minmay_blocky_corners, orc_david_3
D:12:     kennysheep_ambush_hall, nicolae_qazlal_style_of_elements
D:13:     guppyfry_shop_blood
D:14:     hangedman_vaults_entry_quadrant_bands, serial_shops, shop,
          fedhas_altar_3
D:15:     hangedman_depths_entry_civil_slaughter
Temple:   dpeg_five_rooms_temple
Orc:1:    serial_shops, shop, portal_ice_cave_demonic_guard
Orc:2:    st_orc_ogre_mass, serial_shops, shop
Elf:1:    hangedman_elf_represent, nicolae_elf_w_pinch
Elf:2:    item_on_display_b, uniq_aizul, uniq_saint_roka
Elf:3:    minmay_elf_hall_quartered_circle
Bailey:   bailey_polearm_1, bailey
IceCv:    ice_cave_small_dragons
